[Event "Titled Tuesday Blitz December 13 Late 2022"]
[White "Janaszak, Dawid"]
[Black "Thiel, Thomas"]
[WhiteFideId "1119206"]
[BlackFideId "4615964"]
[WhiteElo "2220"]
[BlackElo "2249"]
[Result "1-0"]
[Round "10"]
[TimeControl "180+1"]
[Date "2022.12.14"]
[WhiteClock "0:00:33"]
[BlackClock "0:00:01"]

1. Nc3 d5 2. e4 dxe4 3. Nxe4 Nf6 4. Nxf6+ exf6 5. d4 Bd6 6. Bd3 O-O 7. Qh5 Re8+ 8. Ne2 g6 9. Qh4 Be7 10. Bd2 f5 11. Qg3 Bf6 12. O-O-O Nc6 13. c3 Be6 14. h4 Qd5 15. Bb1 Na5 16. h5 Nc4 17. hxg6 fxg6 18. Nf4 Qb5 19. b3 Nxd2 20. Rxd2 Bf7 21. Qh3 h5 22. Qg3 Kh7 23. Qf3 Qc6 24. Qxc6 bxc6 25. Nd3 Bd5 26. Rg1 c5 27. c4 Be4 28. Nxc5 Bg5 29. Bxe4 fxe4 30. Kc2 e3 31. Re2 exf2 32. Rxf2 Be3 33. Rf7+ Kg8 34. Rgf1 Bxd4 35. Na6 Be5 36. Nxc7 Bxc7 37. Rxc7 Re2+ 38. Kc3 Rxg2 39. Rff7 Rg4 40. Rg7+ Kh8 41. Rh7+ Kg8 42. Rcg7+ Kf8 43. Rb7 Kg8 44. c5 h4 45. c6 Rc8 46. Rbg7+ Kf8 47. c7 1-0


[Site "https://www.chess.com"]

[Event "Titled Tuesday Blitz December 13 Late 2022"]
[White "Joubert, Dantelle"]
[Black "Petrovic, Aleksa"]
[WhiteFideId "14310813"]
[BlackFideId "967629"]
[WhiteElo "1507"]
[BlackElo "2230"]
[Result "0-1"]
[Round "10"]
[TimeControl "180+1"]
[Date "2022.12.14"]
[WhiteClock "0:00:01"]
[BlackClock "0:01:30"]

1. d4 Nf6 2. c4 e6 3. Nf3 b6 4. g3 Ba6 5. b3 d5 6. Qc2 Nbd7 7. Bg2 Bb4+ 8. Bd2 Bd6 9. O-O O-O 10. Bc1 Rc8 11. Nbd2 c5 12. dxc5 bxc5 13. e3 Qe7 14. Bb2 Rfd8 15. Rfd1 Nb6 16. Ng5 h6 17. Ngf3 dxc4 18. Nxc4 Nxc4 19. bxc4 Bb7 20. Ne5 Bxg2 21. Kxg2 Qb7+ 22. f3 Bxe5 23. Bxe5 Ng4 24. Rxd8+ Rxd8 25. Bf4 e5 26. h3 exf4 27. hxg4 fxe3 28. Rd1 Rxd1 29. Qxd1 Qb2+ 30. Kh3 Qd2 31. Qb3 e2 32. Qb8+ Kh7 33. Qb1+ g6 0-1


[Site "https://www.chess.com"]

[Event "Titled Tuesday Blitz December 13 Late 2022"]
[White "Kamsky, Gata"]
[Black "Ballester Llagaria, Luis Eduardo"]
[WhiteFideId "2000024"]
[BlackFideId "2297620"]
[WhiteElo "2666"]
[BlackElo "2344"]
[Result "1-0"]
[Round "10"]
[TimeControl "180+1"]
[Date "2022.12.13"]
[WhiteClock "0:00:55"]
[BlackClock "0:00:07"]

1. e4 c5 2. Nf3 e6 3. c3 d5 4. e5 d4 5. Bd3 Nc6 6. Qe2 Nge7 7. O-O Ng6 8. Bc4 a6 9. a4 b6 10. d3 Bb7 11. Re1 Be7 12. g3 Na5 13. Ba2 Qd7 14. Nbd2 dxc3 15. bxc3 Rd8 16. Bb1 O-O 17. h4 f6 18. d4 fxe5 19. h5 Nf4 20. gxf4 Rxf4 21. Nxe5 Qd5 22. Be4 Rxe4 23. Qxe4 Qd6 24. Qg4 Qd5 25. Ne4 Nb3 26. Bh6 Bf8 27. Nf6+ 1-0


[Site "https://www.chess.com"]

[Event "Titled Tuesday Blitz December 13 Late 2022"]
[White "Kanyamarala, Tarun"]
[Black "Zhu, Jiner"]
[WhiteFideId "45004714"]
[BlackFideId "8608059"]
[WhiteElo "2305"]
[BlackElo "2384"]
[Result "1-0"]
[Round "10"]
[TimeControl "180+1"]
[Date "2022.12.14"]
[WhiteClock "0:00:39"]
[BlackClock "0:00:16"]

1. d4 Nf6 2. c4 c5 3. d5 b5 4. cxb5 a6 5. e3 axb5 6. Bxb5 g6 7. Nc3 Bg7 8. Nf3 O-O 9. O-O d6 10. h3 Qb6 11. a4 Na6 12. Ra3 Nb4 13. b3 Bd7 14. Bxd7 Nxd7 15. Bd2 Qb7 16. e4 Nd3 17. Qe2 N3e5 18. Nxe5 Bxe5 19. Nb5 f5 20. f4 Bf6 21. exf5 Qxd5 22. fxg6 hxg6 23. Nc7 Qd4+ 24. Be3 Qb2 25. Qxb2 Bxb2 26. Ra2 Ra7 27. Nd5 Nf6 28. Nxf6+ Bxf6 29. b4 Rfa8 30. a5 Ra6 31. Rb1 cxb4 32. Bb6 Rxb6 33. axb6 Rxa2 34. b7 Bd4+ 35. Kh2 Ba7 36. Rxb4 Bb8 37. Rc4 Kf7 38. Rc8 Ba7 39. Ra8 Rb2 40. Rxa7 Ke6 41. Kg3 Kf6 42. Kf3 d5 43. g4 Rb3+ 44. Ke2 e6 45. Kd2 Rb4 46. Kc3 Rb1 47. Kd4 Rb5 48. g5+ Kf5 49. b8=Q Rxb8 50. Rf7# 1-0


[Site "https://www.chess.com"]

[Event "Titled Tuesday Blitz December 13 Late 2022"]
[White "Kanyamarala, Trisha"]
[Black "Gerbelli Neto, Eduardo"]
[WhiteFideId "45004722"]
[BlackFideId "2103281"]
[WhiteElo "2135"]
[BlackElo "2178"]
[Result "1-0"]
[Round "10"]
[TimeControl "180+1"]
[Date "2022.12.14"]
[WhiteClock "0:00:18"]
[BlackClock "0:00:11"]

1. d4 d5 2. c4 c6 3. cxd5 cxd5 4. Bf4 Nf6 5. e3 Nc6 6. Nc3 Bf5 7. Qb3 Na5 8. Qa4+ Bd7 9. Qc2 e6 10. Nf3 Rc8 11. Bd3 Be7 12. O-O Nc4 13. Ne5 b5 14. Nxd7 Qxd7 15. b3 Na3 16. Qb2 O-O 17. Rac1 Bb4 18. Ne2 Rxc1 19. Rxc1 Rc8 20. f3 Rc6 21. Be5 Qc8 22. Kf2 Nd7 23. Bg3 Rxc1 24. Qxc1 Qxc1 25. Nxc1 f5 26. Ke2 Kf7 27. Kd1 Ke7 28. Ne2 a5 29. Kc1 Bd6 30. Be1 b4 31. h4 Kf6 32. g4 g6 33. h5 e5 34. hxg6 hxg6 35. gxf5 gxf5 36. Bh4+ Kg6 37. Ng3 e4 38. fxe4 fxe4 39. Be2 Nf6 40. Nf1 Nh5 41. Bg4 Ng7 42. Bc8 Nf5 43. Bf2 Nb5 44. Bb7 Nc3 45. Kc2 Kf6 46. a4 Ke6 47. Be1 Na2 48. Kb2 Nc3 49. Bxc3 bxc3+ 50. Kxc3 Bb4+ 51. Kc2 Kd6 52. Kd1 Nh4 53. Ng3 Nf3 54. Nf5+ Ke6 55. Ng7+ Kf6 56. Ne8+ Ke7 57. Nc7 Nd2 58. Nxd5+ Kd6 59. Nxb4 axb4 60. Kxd2 1-0


[Site "https://www.chess.com"]

[Event "Titled Tuesday Blitz December 13 Late 2022"]
[White "Karas, Marek"]
[Black "Han, Yichen"]
[WhiteFideId "14928558"]
[BlackFideId "1054430"]
[WhiteElo "2458"]
[BlackElo "2641"]
[Result "0-1"]
[Round "10"]
[TimeControl "180+1"]
[Date "2022.12.14"]
[WhiteClock "0:00:53"]
[BlackClock "0:00:12"]

1. a3 e5 2. c4 Nf6 3. Nc3 c6 4. d4 e4 5. Bg5 d5 6. e3 Be7 7. b4 Be6 8. Qb3 Nbd7 9. Nh3 a5 10. b5 dxc4 11. Bxc4 Bxc4 12. Qxc4 Nb6 13. Qe2 Nbd5 14. Nxd5 Qxd5 15. Bxf6 Bxf6 16. bxc6 Qxc6 17. O-O O-O 18. Rfc1 Qd6 19. a4 Rfc8 20. Qb5 Qb4 21. Qxb4 axb4 22. Rxc8+ Rxc8 23. Rb1 Be7 24. Kf1 g5 25. Ng1 Rc2 26. g4 Ra2 27. Ne2 Bd6 28. Ng3 Bxg3 29. hxg3 Rxa4 30. Ke2 Kf8 31. Rb2 Ke7 32. Kd2 Kd6 33. Kc2 Kc6 34. Kb3 Kb5 35. Rc2 Ra3+ 36. Kb2 Rd3 37. Rc5+ Ka4 38. Rc2 b5 39. Re2 Rb3+ 40. Ka2 Ra3+ 41. Kb1 Rd3 42. Ka2 b3+ 43. Kb1 Ka3 44. Kc1 b4 45. Re1 Ka2 46. Re2+ Ka1 47. Rb2 Rc3+ 0-1


[Site "https://www.chess.com"]

[Event "Titled Tuesday Blitz December 13 Late 2022"]
[White "Kazakouski, Valery"]
[Black "Sukandar, Irine Kharisma"]
[WhiteFideId "13507443"]
[BlackFideId "7101937"]
[WhiteElo "2516"]
[BlackElo "2301"]
[Result "1-0"]
[Round "10"]
[TimeControl "180+1"]
[Date "2022.12.13"]
[WhiteClock "0:00:20"]
[BlackClock "0:00:07"]

1. Nf3 Nf6 2. c4 c5 3. b3 g6 4. Bb2 Bg7 5. g3 O-O 6. Bg2 Nc6 7. O-O d6 8. d4 cxd4 9. Nxd4 Bd7 10. Qd2 Qc8 11. Nc3 Bh3 12. Rfd1 Bxg2 13. Kxg2 Qg4 14. Nc2 Ne4 15. Nxe4 Bxb2 16. f3 Qc8 17. Rab1 Bg7 18. Ne3 h6 19. Nd5 Re8 20. Rbc1 Qd7 21. c5 f5 22. Nec3 e6 23. Nf4 d5 24. Nxg6 Qf7 25. Nf4 d4 26. Nb5 e5 27. Nd6 Qd7 28. Nh5 Re6 29. Nxf5 Bf8 30. e4 Rg6 31. b4 Re8 32. b5 Nd8 33. Qe2 Ne6 34. c6 bxc6 35. bxc6 Qf7 36. Qc4 Rc8 37. Kh1 Rg5 38. g4 Rg6 39. Qd5 Ng5 40. Qd7 Rcxc6 41. Qxc6 Rxc6 42. Rxc6 Nxf3 43. Rf1 Qxa2 44. Rxf3 Qe2 45. Nh4 Qxe4 46. Nf6+ 1-0


[Site "https://www.chess.com"]

[Event "Titled Tuesday Blitz December 13 Late 2022"]
[White "Khandelwal, Ankush"]
[Black "Young, Ryan"]
[WhiteFideId "413470"]
[BlackFideId "2049945"]
[WhiteElo "2271"]
[BlackElo "2326"]
[Result "1/2-1/2"]
[Round "10"]
[TimeControl "180+1"]
[Date "2022.12.14"]
[WhiteClock "0:01:40"]
[BlackClock "0:00:53"]

1. e4 e5 2. Nf3 Nc6 3. d4 exd4 4. Nxd4 Nf6 5. Nxc6 bxc6 6. e5 Qe7 7. Qe2 Nd5 8. g3 g6 9. c4 Nb6 10. b3 Bg7 11. Bb2 O-O 12. Bg2 f6 13. O-O fxe5 14. Nd2 Bb7 15. Rae1 d6 16. f4 Rae8 17. fxe5 Rxf1+ 18. Nxf1 Bxe5 19. Bxe5 Qxe5 20. Qxe5 Rxe5 21. Rxe5 dxe5 22. Ne3 Kf7 23. Nc2 a5 24. Kf2 Nc8 25. Ke3 Nd6 26. Ne1 c5 27. Bxb7 Nxb7 28. Nf3 Kf6 29. Nd2 Nd6 30. Ne4+ Nxe4 31. Kxe4 Ke6 32. g4 g5 33. h3 c6 34. Ke3 Ke7 35. Kf3 Kf7 36. Ke3 Ke7 37. Kf3 Kf7 38. Ke3 Ke7 1/2-1/2


[Site "https://www.chess.com"]

[Event "Titled Tuesday Blitz December 13 Late 2022"]
[White "Kim, Sergey"]
[Black "Szyszylo, Rafal"]
[WhiteFideId "13700570"]
[BlackFideId "1109626"]
[WhiteElo "2588"]
[BlackElo "1981"]
[Result "0-1"]
[Round "10"]
[TimeControl "180+1"]
[Date "2022.12.14"]
[WhiteClock "0:00:14"]
[BlackClock "0:00:24"]

1. d4 d6 2. c4 Nf6 3. Nc3 g6 4. e4 Bg7 5. Nge2 O-O 6. Ng3 e5 7. d5 c6 8. Be2 cxd5 9. cxd5 Nbd7 10. O-O a5 11. Be3 Nc5 12. h3 Bd7 13. Qd2 a4 14. Bh6 Bxh6 15. Qxh6 a3 16. b4 Na4 17. Nd1 Qb6 18. Rb1 Rac8 19. Qg5 Kg7 20. Ne3 Qd8 21. Nef5+ Bxf5 22. Nxf5+ Kh8 23. Ng3 Nc3 24. Rbe1 Nfxe4 25. Nxe4 Nxe4 26. Qh6 f5 27. f4 Ng3 28. Rf3 Nxe2+ 29. Rxe2 e4 30. Rxa3 Qb6+ 31. Kh2 Rfe8 32. Qh4 Qd4 33. Rg3 Kg7 34. Qg5 Qxd5 35. a4 Qe6 36. Qh4 Qf6 37. Rg5 h6 38. Rxg6+ Qxg6 39. Re3 Kh7 40. Rg3 Qf7 41. Rg5 Rg8 42. Rh5 Rg6 43. g4 fxg4 44. hxg4 Qxf4+ 45. Kh3 Rc3+ 0-1


[Site "https://www.chess.com"]

[Event "Titled Tuesday Blitz December 13 Late 2022"]
[White "Kleiman, Jake"]
[Black "Dzierzak, Radoslaw"]
[WhiteFideId "2020041"]
[BlackFideId "1161407"]
[WhiteElo "2609"]
[BlackElo "2111"]
[Result "1-0"]
[Round "10"]
[TimeControl "180+1"]
[Date "2022.12.14"]
[WhiteClock "0:01:45"]
[BlackClock "0:01:58"]

1. e4 c6 2. Nc3 d5 3. Nf3 Bg4 4. h3 Bxf3 5. Qxf3 e6 6. a3 Nd7 7. d3 g6 8. g3 Bg7 9. Bg2 Ne7 10. O-O O-O 11. Qe2 Qb6 12. Kh1 Rae8 13. f4 d4 14. Nb1 f5 15. Nd2 e5 16. Nc4 Qc7 17. fxe5 fxe4 18. Rxf8+ Rxf8 19. Qxe4 b5 20. Nd2 Bxe5 21. Nf3 Bd6 22. Nxd4 Nf6 23. Qe6+ Kh8 24. Bh6 1-0


[Site "https://www.chess.com"]

[Event "Titled Tuesday Blitz December 13 Late 2022"]
[White "Kujawski, Adam"]
[Black "Oro, Faustino"]
[WhiteFideId "1100920"]
[BlackFideId "20000197"]
[WhiteElo "2054"]
[BlackElo "1984"]
[Result "1/2-1/2"]
[Round "10"]
[TimeControl "180+1"]
[Date "2022.12.14"]
[WhiteClock "0:00:12"]
[BlackClock "0:00:15"]

1. e4 c5 2. Nf3 d6 3. d4 cxd4 4. Nxd4 Nf6 5. Nc3 a6 6. Bg5 e6 7. f4 h6 8. Bh4 Qb6 9. Qd3 Be7 10. O-O-O Nbd7 11. g4 Qc7 12. g5 hxg5 13. Bxg5 b5 14. e5 dxe5 15. Nxe6 fxe6 16. Qg6+ Kf8 17. Rg1 Bb7 18. Bh6 Rxh6 19. Qxg7+ Ke8 20. Qxh6 exf4 21. Bh3 Nf8 22. Bxe6 Nxe6 23. Qg6+ Kf8 24. Qh6+ Kf7 25. Qg6+ Kf8 26. Nd5 Bxd5 27. Rxd5 Rc8 28. Qh6+ Kf7 29. Qg6+ Kf8 30. Qh6+ Kf7 31. Qg6+ Kf8 1/2-1/2


[Site "https://www.chess.com"]

[Event "Titled Tuesday Blitz December 13 Late 2022"]
[White "Kupervaser, Erez"]
[Black "Osmonbekov, Talaibek"]
[WhiteFideId "2814587"]
[BlackFideId "2017253"]
[WhiteElo "2251"]
[BlackElo "2135"]
[Result "1-0"]
[Round "10"]
[TimeControl "180+1"]
[Date "2022.12.14"]
[WhiteClock "0:00:07"]
[BlackClock "0:00:07"]

1. e4 c5 2. Nf3 d6 3. Bb5+ Nd7 4. O-O a6 5. Bd3 Ngf6 6. c3 c4 7. Bxc4 Nxe4 8. Re1 Nef6 9. Qb3 e6 10. d4 Nb6 11. Bd3 Be7 12. Nbd2 O-O 13. Nf1 Bd7 14. Ng3 Ba4 15. Qa3 d5 16. b4 Bb5 17. Ne5 Bxd3 18. Nxd3 Nc4 19. Qb3 Qc7 20. Bf4 Bd6 21. Bxd6 Qxd6 22. Nf1 Rfc8 23. Ne3 Nd2 24. Qb2 Nc4 25. Nxc4 Rxc4 26. Ne5 Rc7 27. Rac1 Rac8 28. a4 Ne4 29. Re3 f6 30. Nf3 Rc4 31. Ne1 Qc7 32. b5 Nxc3 33. Ra1 Nxa4 34. Qe2 axb5 35. Rxe6 Rc1 36. Rxc1 Qxc1 37. Re8+ Kf7 38. Qe6+ Kg6 39. Rxc8 Qd1 40. Kf1 b4 41. f3 Nc3 42. Qg4+ Kh6 43. Qf4+ Kg6 44. Qe3 Qa4 45. Qd3+ Kh6 46. Rc7 b5 47. Qe3+ Kg6 48. Qf4 1-0


[Site "https://www.chess.com"]

[Event "Titled Tuesday Blitz December 13 Late 2022"]
[White "Lacasa Diaz, Jose Antonio"]
[Black "Pham, Khoi"]
[WhiteFideId "2203375"]
[BlackFideId "1054988"]
[WhiteElo "2338"]
[BlackElo "2509"]
[Result "0-1"]
[Round "10"]
[TimeControl "180+1"]
[Date "2022.12.14"]
[WhiteClock "0:00:08"]
[BlackClock "0:00:08"]

1. e4 c5 2. Nf3 e6 3. c3 Nf6 4. d3 Nc6 5. Nbd2 d5 6. e5 Nd7 7. d4 Qb6 8. Bd3 cxd4 9. cxd4 Nxd4 10. O-O Nxf3+ 11. Nxf3 Be7 12. Rb1 h6 13. b4 Qd8 14. Bc2 b6 15. Re1 Bb7 16. Nd4 Rc8 17. a3 a6 18. Bf4 b5 19. Qh5 Nf8 20. a4 Rc4 21. Be3 Bg5 22. Bd3 Bxe3 23. fxe3 Rc3 24. Red1 bxa4 25. b5 g6 26. Qf3 a5 27. b6 Nd7 28. Nxe6 Qe7 29. Nc7+ Kf8 30. Qf6 Nxf6 31. exf6 Qxf6 0-1


[Site "https://www.chess.com"]

[Event "Titled Tuesday Blitz December 13 Late 2022"]
[White "Liu, Kelsey"]
[Black "Moral Garcia, Serafin"]
[WhiteFideId "30944481"]
[BlackFideId "2201925"]
[WhiteElo "2302"]
[BlackElo "2259"]
[Result "0-1"]
[Round "10"]
[TimeControl "180+1"]
[Date "2022.12.14"]
[WhiteClock "0:00:05"]
[BlackClock "0:00:22"]

1. e4 e5 2. Nf3 Nc6 3. Bb5 a6 4. Ba4 Nf6 5. Qe2 Be7 6. O-O b5 7. Bb3 O-O 8. c3 d5 9. d3 Re8 10. Rd1 h6 11. Nbd2 Bf8 12. Nf1 Na5 13. Bc2 c5 14. Ng3 Nc6 15. Nf5 Bxf5 16. exf5 Qd7 17. Be3 d4 18. Bd2 Qxf5 19. Re1 Bd6 20. Nh4 Qh5 21. Nf3 Rad8 22. h3 c4 23. dxc4 e4 24. Nxd4 Nxd4 25. Qxh5 Nxh5 26. cxd4 bxc4 27. Rxe4 Rxe4 28. Bxe4 Bc7 29. Bc3 Bb6 30. Rd1 Nf6 31. Bf3 Nd5 32. Kf1 Kf8 33. Ke2 Ke7 34. Kd2 Kd6 35. Kc2 Re8 36. Re1 Rxe1 37. Bxe1 Bxd4 38. Bxd5 Kxd5 39. f3 h5 40. b3 f5 41. bxc4+ Kxc4 42. Bh4 a5 43. Be7 a4 44. Bf8 g6 45. Be7 Be5 46. Bh4 Bd4 47. Bd8 Bc5 48. Bg5 Kd4 49. Bh4 Ke3 50. Kd1 Bd6 51. Ke1 Bf4 52. Bd8 Kd3 53. Kd1 Kc3 54. Bf6+ Kb4 55. Bb2 a3 56. Bf6 Kc4 57. Kc2 Bd6 58. Bg7 Bc5 59. Bf6 Kd5 60. Kd3 Ke6 61. Bd8 Kd5 62. Ba5 g5 63. Bd8 g4 64. hxg4 fxg4 65. fxg4 hxg4 66. g3 Bd6 67. Bh4 Ke5 68. Bg5 Kf5 69. Bh4 Bc7 70. Ke3 Bb6+ 71. Kd3 Bf2 72. Ke2 Bd4 73. Kd3 Be5 74. Ke3 Ke6 75. Ke4 Bd6 76. Kd4 Kf5 77. Ke3 Ke5 78. Kd3 Kd5 79. Ke3 Kc4 80. Kd2 Be5 81. Kc2 Bd6 82. Kd2 Kd4 83. Bf6+ Ke4 84. Bh4 Kf3 85. Kc3 Bxg3 86. Bxg3 Kxg3 87. Kb3 Kf2 88. Kxa3 g3 89. Kb4 g2 90. a4 g1=Q 0-1


[Site "https://www.chess.com"]

[Event "Titled Tuesday Blitz December 13 Late 2022"]
[White "Marcolino, Daniel Mattos"]
[Black "Sariego Figueredo, Wilfredo"]
[WhiteFideId "2106841"]
[BlackFideId "3500080"]
[WhiteElo "2136"]
[BlackElo "2309"]
[Result "1-0"]
[Round "10"]
[TimeControl "180+1"]
[Date "2022.12.14"]
[WhiteClock "0:00:15"]
[BlackClock "0:00:03"]

1. d4 d5 2. Nf3 c6 3. g3 Nf6 4. Bg2 Bf5 5. c4 e6 6. Nc3 a6 7. Qb3 Qc7 8. Bf4 Qc8 9. O-O Be7 10. Rac1 dxc4 11. Qxc4 Nbd7 12. Nh4 Bg6 13. Nxg6 hxg6 14. e4 Ng4 15. h3 Ngf6 16. Rfe1 Qd8 17. Rcd1 Qa5 18. d5 cxd5 19. exd5 Nb6 20. Qc7 Rc8 21. Qxb7 Bb4 22. dxe6 O-O 23. e7 Rfe8 24. Bc7 Bxc3 25. bxc3 Qxc3 26. Bxb6 Qb4 27. Qxc8 Rxc8 28. Rd8+ Ne8 29. Red1 Qa4 30. R1d4 1-0


[Site "https://www.chess.com"]

[Event "Titled Tuesday Blitz December 13 Late 2022"]
[White "Mazurkiewicz, Michal"]
[Black "Polster, Christian"]
[WhiteFideId "1124943"]
[BlackFideId "12965081"]
[WhiteElo "2081"]
[BlackElo "2195"]
[Result "1-0"]
[Round "10"]
[TimeControl "180+1"]
[Date "2022.12.14"]
[WhiteClock "0:00:44"]
[BlackClock "0:00:03"]

1. e4 c5 2. Nf3 d6 3. g3 Nf6 4. d3 g6 5. Bg2 Bg7 6. O-O O-O 7. Re1 Nc6 8. e5 dxe5 9. Nxe5 Nxe5 10. Rxe5 Nd7 11. Re1 Rb8 12. Nd2 b6 13. Nc4 Bb7 14. Bf4 Bxg2 15. Bxb8 Ba8 16. Bf4 e5 17. Bd2 Qc7 18. a4 Qc6 19. f3 Qxf3 20. Qxf3 Bxf3 21. Kf2 Bc6 22. Bc3 Re8 23. b3 f5 24. Re2 Re6 25. Rae1 e4 26. Bxg7 Kxg7 27. h3 Ne5 28. Nd2 Nf3 29. Nxf3 1-0


[Site "https://www.chess.com"]

[Event "Titled Tuesday Blitz December 13 Late 2022"]
[White "Melkumyan, Hrant"]
[Black "Firouzja, Alireza"]
[WhiteFideId "13302485"]
[BlackFideId "12573981"]
[WhiteElo "2604"]
[BlackElo "2904"]
[Result "0-1"]
[Round "10"]
[TimeControl "180+1"]
[Date "2022.12.13"]
[WhiteClock "0:00:02"]
[BlackClock "0:00:07"]

1. d4 Nf6 2. c4 g6 3. Nc3 Bg7 4. e4 d6 5. Be2 O-O 6. h4 c5 7. d5 h5 8. Nf3 e6 9. Bg5 exd5 10. exd5 Re8 11. O-O Bf5 12. Nd2 Nbd7 13. Re1 a6 14. Nf1 Qb6 15. Qb3 Qxb3 16. axb3 Ne4 17. Nxe4 Bxe4 18. Bc1 Bc2 19. Ne3 Be4 20. f3 Bf5 21. Nxf5 gxf5 22. Kf1 Ne5 23. g3 Kh7 24. Rb1 Kg6 25. Bd2 b5 26. Kf2 bxc4 27. bxc4 Reb8 28. Bc3 a5 29. b3 Bf6 30. Rec1 Rb7 31. Bxe5 Bxe5 32. Bd3 Kf6 33. f4 Bd4+ 34. Kf1 Rg8 35. Kg2 Rgb8 36. Bc2 Rb4 37. Kf3 Re8 38. Re1 Rxe1 39. Rxe1 a4 40. bxa4 Rxc4 41. Bd1 Rc3+ 42. Kg2 Ra3 43. Bxh5 c4 44. Re2 Rxa4 45. Rc2 c3 46. Be2 Ra5 47. Bf3 Rb5 48. Kf1 Rb1+ 49. Kg2 Rb2 50. Bd1 Rb5 51. Kf3 Rxd5 52. Be2 Rc5 53. Bd3 d5 54. Ra2 Kg7 55. Bxf5 Bf6 56. Bd3 d4 57. Re2 Ra5 58. Rc2 Ra1 59. Rh2 Rd1 60. Ke4 Re1+ 61. Kd5 Re3 62. Kc4 Rxg3 63. h5 Kh6 64. Re2 Rf3 65. Re8 c2 66. Bxc2 Rc3+ 67. Kd5 Rxc2 0-1


[Site "https://www.chess.com"]

[Event "Titled Tuesday Blitz December 13 Late 2022"]
[White "Mendez Fortes, Eduardo Jesus"]
[Black "Vedder, Richard"]
[WhiteFideId "3502376"]
[BlackFideId "1004166"]
[WhiteElo "2619"]
[BlackElo "2445"]
[Result "1-0"]
[Round "10"]
[TimeControl "180+1"]
[Date "2022.12.14"]
[WhiteClock "0:02:44"]
[BlackClock "0:02:37"]

1. e4 e5 2. Nf3 Nc6 3. Bb5 a6 4. Ba4 Nf6 5. O-O Nxe4 6. d4 b5 7. Bb3 d5 8. dxe5 Be6 9. c3 Bc5 10. Qd3 f6 11. exf6 Qxf6 12. Nbd2 Nxd2 13. Bxd2 Rd8 14. Bg5 1-0


[Site "https://www.chess.com"]

[Event "Titled Tuesday Blitz December 13 Late 2022"]
[White "Mieles Palau, Daniel"]
[Black "D`Arruda, Ricardo D."]
[WhiteFideId "3600467"]
[BlackFideId "100692"]
[WhiteElo "2344"]
[BlackElo "2406"]
[Result "0-1"]
[Round "10"]
[TimeControl "180+1"]
[Date "2022.12.14"]
[WhiteClock "0:00:03"]
[BlackClock "0:00:06"]

1. c4 e5 2. g3 Nf6 3. Bg2 Nc6 4. Nc3 Bb4 5. Nd5 Bc5 6. e3 d6 7. Ne2 O-O 8. O-O Nxd5 9. cxd5 Ne7 10. d4 exd4 11. Nxd4 Nf5 12. Nc2 Bd7 13. b4 Bb6 14. Bb2 Re8 15. a4 a5 16. b5 Qg5 17. Rc1 h5 18. h4 Qg6 19. Nd4 Nxg3 20. fxg3 Qxg3 21. Qf3 Qg6 22. Kf2 Bg4 23. Qf4 Re5 24. Bf3 Rae8 25. Rce1 Bxd4 26. Qxd4 Rf5 27. Ke2 Rxf3 28. Rxf3 Re4 29. Qc3 Bxf3+ 30. Kxf3 Qg4+ 31. Kf2 Qxh4+ 32. Ke2 Qg4+ 33. Kd2 Rxa4 34. Re2 Rc4 35. Qd3 a4 36. Bd4 Rb4 37. Qc2 a3 38. Rf2 Qg5 39. Qe4 a2 40. Qe8+ Kh7 41. Qe4+ Qg6 42. Qxg6+ Kxg6 43. Rg2+ Kf5 44. Kd3 Rxd4+ 0-1


[Site "https://www.chess.com"]

[Event "Titled Tuesday Blitz December 13 Late 2022"]
[White "Musovic, Armin"]
[Black "Silvestre, Christian"]
[WhiteFideId "939935"]
[BlackFideId "30956269"]
[WhiteElo "2288"]
[BlackElo "2373"]
[Result "1-0"]
[Round "10"]
[TimeControl "180+1"]
[Date "2022.12.14"]
[WhiteClock "0:01:36"]
[BlackClock "0:01:55"]

1. a3 e5 2. Nc3 Nf6 3. d4 exd4 4. Qxd4 Nc6 5. Qa4 Bc5 6. Bg5 h6 7. Bh4 O-O 8. O-O-O Be7 9. e3 d6 10. Nf3 Be6 11. Bd3 a6 12. Qf4 b5 13. Bxf6 Bxf6 14. Qe4 g6 15. Qxc6 b4 16. axb4 Rb8 17. Nd5 Bxd5 18. Qxd5 Rxb4 19. c3 Rb6 20. h4 Qb8 21. Rd2 c6 22. Qa2 h5 23. Bxg6 Kg7 24. Bxh5 d5 25. Rh3 a5 26. Rg3+ Kh6 27. Qb1 Rg8 28. Qf5 c5 29. Rxg8 Qxg8 30. Bg4 Qg7 31. Qh5# 1-0


[Site "https://www.chess.com"]

[Event "Titled Tuesday Blitz December 13 Late 2022"]
[White "O`Gorman, Tom"]
[Black "Forgacs, Attila Jr."]
[WhiteFideId "2508249"]
[BlackFideId "773654"]
[WhiteElo "2271"]
[BlackElo "2168"]
[Result "1-0"]
[Round "10"]
[TimeControl "180+1"]
[Date "2022.12.13"]
[WhiteClock "0:01:37"]
[BlackClock "0:00:34"]

1. e4 e5 2. Nf3 Nc6 3. Bb5 a6 4. Ba4 Nf6 5. O-O Be7 6. Re1 b5 7. Bb3 O-O 8. h3 Bb7 9. d3 d5 10. exd5 Nxd5 11. Nxe5 Nxe5 12. Rxe5 Qd6 13. Re1 Qg6 14. Qf3 Qd6 15. Nc3 Nxc3 16. Qxb7 Bf6 17. bxc3 c6 18. Bd2 Rfb8 19. Qxf7+ Kh8 20. Qe6 Qc5 21. d4 Qh5 22. Qg4 Qxg4 23. hxg4 b4 24. cxb4 Bxd4 25. c3 Bb6 26. Be3 Bc7 27. Bd4 a5 28. Re7 1-0


[Site "https://www.chess.com"]

[Event "Titled Tuesday Blitz December 13 Late 2022"]
[White "Pace, Christopher"]
[Black "Adel, Sara"]
[WhiteFideId "2610167"]
[BlackFideId "10616764"]
[WhiteElo "2297"]
[BlackElo "1997"]
[Result "1-0"]
[Round "10"]
[TimeControl "180+1"]
[Date "2022.12.14"]
[WhiteClock "0:00:25"]
[BlackClock "0:00:18"]

1. e4 c6 2. d4 d5 3. Nc3 dxe4 4. Nxe4 Bf5 5. Ng3 Bg6 6. Nf3 Nd7 7. h4 h6 8. h5 Bh7 9. Bd3 Bxd3 10. Qxd3 Ngf6 11. Bd2 a5 12. O-O-O e6 13. Rhe1 Be7 14. Ne4 a4 15. Nxf6+ Nxf6 16. g4 a3 17. b3 Nd5 18. Ne5 Bg5 19. c3 Qf6 20. Kb1 Qxf2 21. Rf1 Qg2 22. Nxf7 Bxd2 23. Rxd2 Nxc3+ 24. Ka1 Qxf1+ 25. Qxf1 O-O 26. Rf2 Ne4 27. Rf4 Nf6 28. Nxh6+ gxh6 29. Rxf6 Rxf6 30. Qxf6 Rf8 31. Qg6+ Kh8 32. Qxh6+ Kg8 33. Qxe6+ Kh8 34. Qh6+ Kg8 35. Qxf8+ Kxf8 36. g5 Kg7 37. Kb1 b6 38. Kc2 Kf7 39. Kd3 Kg7 40. Kc4 Kf7 41. Kb4 c5+ 42. dxc5 bxc5+ 43. Kxc5 1-0


[Site "https://www.chess.com"]

[Event "Titled Tuesday Blitz December 13 Late 2022"]
[White "Papp, Levente"]
[Black "Korchmar, Vasiliy"]
[WhiteFideId "751243"]
[BlackFideId "24131750"]
[WhiteElo "2380"]
[BlackElo "2370"]
[Result "1-0"]
[Round "10"]
[TimeControl "180+1"]
[Date "2022.12.13"]
[WhiteClock "0:00:06"]
[BlackClock "0:00:06"]

1. Nf3 d5 2. g3 g6 3. c4 c6 4. cxd5 cxd5 5. d4 Nf6 6. Bg2 Bg7 7. O-O O-O 8. Ne5 Ng4 9. Nxg4 Bxg4 10. Nc3 Nc6 11. h3 Bd7 12. e3 e6 13. Bd2 Rc8 14. Rc1 h5 15. h4 Qe7 16. Qe2 a6 17. a3 Rc7 18. Qd1 Rfc8 19. Na4 Na7 20. Rxc7 Rxc7 21. Bb4 Qe8 22. Nc5 Bb5 23. Re1 b6 24. Nd3 Nc6 25. Bc3 Ne7 26. Bf1 Nf5 27. Nf4 Nd6 28. Bb4 Ne4 29. Bd3 a5 30. Bxe4 axb4 31. Bd3 bxa3 32. bxa3 Rc3 33. Bxb5 Qxb5 34. a4 Qa6 35. Qb1 Ra3 36. Rc1 Rxa4 37. Nxg6 fxg6 38. Qxg6 Qb7 39. Qxe6+ Kh7 40. Qf5+ Kh6 41. Rc8 Ra1+ 42. Kg2 Qe7 43. Rc6+ 1-0


[Site "https://www.chess.com"]